Arrhythmia, neutral female human Tourist ------------ +...........##0 ----- |.....<....| # # |...| +..........| #### |...| |..........| ####....| ------------ ####|...| #+...| #----- ) # #[# # # | ----- f############### ### |.....`.... @ --.-- # |`.........`a# |...|### ------------ |...-# |...| |...| ----- Arrhythmia the Sightseer Experience level: 5 Strength: 12 Dexterity: 11 Constitution: 18 Intelligence: 11 Wisdom: 9 Charisma: 14 Health: 0(44) Energy: 14(14) AC: 2 Gold: 1149 Moves: 2125 Your Inventory: Coins $ - 1149 gold pieces Weapons a - 5 uncursed +2 darts (in quiver) P - an [uncursed +1] double-headed axe [battle-axe] (weapon in hands) Z - an [uncursed +0] dagger Armor m - a blessed +0 Hawaiian shirt (being worn) C - an [uncursed] +0 pair of iron shoes (being worn) R - an [uncursed] +5 leather hat [elven leather helm] (being worn) Comestibles b - an [uncursed] clove of garlic d - 4 uncursed tripe rations e - 2 uncursed food rations g - an uncursed lembas wafer h - an uncursed cram ration i - an uncursed [stale] egg Scrolls k - 3 uncursed scrolls of magic mapping l - a blessed scroll of magic mapping t - a [blessed] scroll labeled ETAOIN SHRDLU [of remove curse] w - 2 [uncursed] scrolls labeled ACHAT SHTAYIM SHALOSH [of identify] H - a [blessed] scroll labeled READ ME [of light] Spellbooks S - an [uncursed] left-handed spellbook [of levitation] T - an [uncursed] plain spellbook [of blank paper] X - an [uncursed] crimson spellbook [of jumping] Potions j - 2 uncursed potions of extra healing Q - an [uncursed] milky potion [of gain energy] U - a [blessed] yellow potion [of levitation] Rings s - a [cursed -1] porcelain ring [of gain strength] V - an [uncursed] mithril ring [of levitation] Y - an [uncursed] black onyx ring [of regeneration] Wands F - an [uncursed] wand of digging [0:4] K - an [uncursed] plastic wand [of magic missile (0:5)] O - an [uncursed] marble wand [of polymorph (0:4)] Tools n - an uncursed expensive camera (0:92) o - an uncursed credit card p - an uncursed magic marker (0:68) q - an [uncursed] towel I - an [uncursed] key [skeleton key] Gems r - an [uncursed] red gem [garnet] Spells known in the end: Name Level Category Fail Memory Your skills at the end: Fighting Skills Weapon Skills dart [Basic / Expert] Spellcasting Skills Final Attributes: You were devoutly aligned. Hunger level was 905. Your alignment was 14 / 20. Monster difficulty range was 1 - 5. Level difficulty was 6. You were lucky (1). You are dead. Vanquished creatures: a small mimic a leprechaun a bugbear 3 Uruk-hai a yellow light a shrieker a dwarf zombie an iguana 4 coyotes a gas spore a hobbit a hobgoblin a giant rat 3 cave spiders a brown mold 2 geckos a fox a goblin a sewer rat a grid bug a lichen a newt 30 creatures vanquished. Voluntary challenges: You were an atheist. You were vegetarian. You used a wielded weapon 3 times. You read items or engraved 107 times. You put on armor 6 times. You never genocided any monsters. You never polymorphed an object. You never changed form. You used no wishes. You wrote Elbereth's name 25 times. You never encountered a bones level. You never used any Sokoban shortcuts. Dungeon overview: The Dungeons of Doom: levels 1 to 6 Level 1 a fountain a long staircase Level 2 a delicatessen, a fountain Level 3 a general store, a fountain Level 4 some fountains a long staircase Level 5 a fountain Level 6 <- You were here History has recorded: On T:1 you entered the Dungeons of Doom to retrieve the Amulet of Yendor! On T:259 you reached level 2 of The Dungeons of Doom. On T:305 you advanced to experience level 2. On T:357 you advanced to experience level 3. On T:625 you reached level 3 of The Dungeons of Doom. On T:1062 you advanced to experience level 4. On T:1183 you reached level 4 of The Dungeons of Doom. On T:1208 you reached level 5 of The Dungeons of Doom. On T:1722 you advanced to experience level 5. On T:1919 you reached level 6 of The Dungeons of Doom. Latest messages: You take off a towel. You can see again. [HP+1=26] [HP+1=27] [HP+1=28] The door opens. The dart hits the giant beetle. The dart misses the giant beetle. [HP+1=29] The dart hits the giant beetle. The giant beetle bites! [HP-10=19] The dart hits the giant beetle. The dart hits the giant beetle. The giant beetle bites! [HP-11=8] You stop. Katia is in the way! The giant beetle bites! You die... Final status: Aloha Arrhythmia the Tourist... You died in The Dungeons of Doom on dungeon level 6 with 1529 points, and 1149 pieces of gold, after 2125 moves. You were level 5 with a maximum of 44 hit points when you died.